 Dungeon Crawl Stone Soup version 0.21-a0-55-gb612c23 (webtiles) character file.

344 xgamer67 the Chopper (level 6, -5/50 HPs)
             Began as a Hill Orc Fire Elementalist on June 14, 2017.
             Was a Follower of Ashenzari.
             Slain by a sky beast (6 damage)
             ... on level 4 of the Dungeon.
             The game lasted 00:12:06 (4819 turns).

xgamer67 the Chopper (Hill Orc Fire Elementalist)   Turns: 4819, Time: 00:12:06

Health: -5/50      AC:  4    Str: 13    XL:     6   Next: 58%
Magic:  9/9        EV: 11    Int: 15    God:    Ashenzari [*.....]
Gold:   126        SH:  0    Dex: 11    Spells: 1/9 levels left

rFire    . . .     SeeInvis .   a - +0 war axe (curse)
rCold    . . .     Gourm    .   (no shield)
rNeg     . . .     Faith    .   v - +0 leather armour
rPois    .         Spirit   .   (no helmet)
rElec    .         Reflect  .   (no cloak)
rCorr    .         Harm     .   (no gloves)
MR       .....                  j - +0 pair of boots (curse)
Stlth    +.........             (no amulet)
HPRegen  0.16/turn              (no ring)
MPRegen  0.11/turn              (no ring)

@: confused, drained
A: no striking features
a: Curse Item, Scrying, Renounce Religion


You were on level 4 of the Dungeon.
You worshipped Ashenzari.
Ashenzari was aware of your devotion.
You were not hungry.

You visited 1 branch of the dungeon, and saw 4 of its levels.

You collected 126 gold pieces.

Inventory:

Hand Weapons
 a - a cursed +0 war axe (weapon)
 u - a +0 dagger
Armour
 f - a +0 scale mail
 j - a cursed +0 pair of boots (worn)
 q - a +0 ring mail
 v - a +0 leather armour (worn)
Wands
 n - a wand of lightning (0/15)
 p - a wand of acid (9/15)
Scrolls
 g - a scroll of remove curse
 h - 2 scrolls of teleportation {unknown}
 i - a scroll of fear {unknown}
 m - a scroll of blinking {unknown}
 o - 5 scrolls of identify
Potions
 t - a potion of magic
Books
 b - a book of Flames

   Spells                             Type                      Level
   a - Flame Tongue                   Conjuration/Fire             1
   b - Throw Flame                    Conjuration/Fire             2
   c - Conjure Flame                  Conjuration/Fire             3
   d - Inner Flame                    Hexes/Fire                   3
   e - Sticky Flame                   Conjuration/Fire             4
   f - Fireball                       Conjuration/Fire             5
Comestibles
 c - 3 bread rations
 d - a royal jelly
 k - a chunk of flesh
 l - 2 fruits
 r - a meat ration


   Skills:
 + Level 2.4(1.8) Fighting
 * Level 5.3(4.7) Axes
 + Level 0.0 Armour
 + Level 1.9(1.4) Dodging
 - Level 1.5(1.0) Stealth
 - Level 2.1(1.6) Spellcasting
 + Level 2.8(2.3) Conjurations
 - Level 4.0(3.4) Fire Magic


You had one spell level left.
You knew the following spells:

 Your Spells              Type           Power        Failure   Level  Hunger
a - Flame Tongue          Conj/Fire      #....        9%          1    ##.....
b - Conjure Flame         Conj/Fire      #.......     26%         3    ####...
d - Sticky Flame          Conj/Fire      #.......     65%         4    #####..


Dungeon Overview and Level Annotations

Branches:
Dungeon (4/15)
 Temple: D:4-7

Altars:
Ashenzari

Annotations:
D:2 Ijyb


Message History

The sky beast shocks you.
* * * LOW HITPOINT WARNING * * *
Casting: Flame Tongue
Confirm with . or Enter, or press ? or * to list all spells.
Aiming: Flame Tongue
Press: ? - help, Shift-Dir - straight line, f/p - sky beast
Aim: a sky beast (almost dead)
The flame tongue misses the sky beast.
The sky beast hits you.
* * * LOW HITPOINT WARNING * * *
The sky beast shocks you.
* * * LOW HITPOINT WARNING * * *
It was a potion of magic.
Magic courses through your body. The sky beast closely misses you.
You are confused.
You feel invigorated.
The sky beast flickers out of sight!
Deactivating autopickup; reactivate with Ctrl-A.
Something hits you.
* * * LOW HITPOINT WARNING * * *
Something shocks you.
You die...

## ... #.. ...# #
#.####..#
#.#####.##.#..## #..
...............#.#.##
........##.#...#.....
#.......@...........#
##....{##.#...#.#..#
#......ยง.).........
..........)##....#..
#.#.?..###.##....#... #
#.........#...........
##....................#
.......#.#.##..#.......
.######[#.......##..#..#


There were no monsters in sight!

Vanquished Creatures
  Sigmund (D:3)
  9 adders
  An ooze (D:3)
  4 worms (D:2)
  2 leopard geckos (D:2)
  10 orcs
  2 giant cockroaches
  7 goblins
  12 hobgoblins
  12 kobolds
  2 quokkas
  2 ball pythons (D:3)
  9 bats
  4 frilled lizards
  6 rats (D:1)
83 creatures vanquished.

Notes
Turn   | Place    | Note
-------+----------+-------------------------------------------
     0 | D:1      | xgamer67 the Hill Orc Fire Elementalist began the quest for the Orb.
     0 | D:1      | Reached XP level 1. HP: 14/14 MP: 3/3
   305 | D:1      | Reached XP level 2. HP: 9/20 MP: 0/4
  1291 | D:1      | Found a shattered altar of Ashenzari.
  1299 | D:1      | Became a worshipper of Ashenzari the Shackled
  1485 | D:3      | Reached XP level 3. HP: 27/27 MP: 5/5
  1503 | D:3      | Learned a level 3 spell: Conjure Flame
  1507 | D:3      | Noticed Ijyb
  1809 | D:2      | Reached skill level 1 in Fighting
  1936 | D:2      | Reached XP level 4. HP: 18/35 MP: 1/6
  3556 | D:3      | Reached * piety under Ashenzari
  3624 | D:3      | Reached XP level 5. HP: 39/41 MP: 3/8
  3700 | D:3      | Noticed Sigmund
  3707 | D:3      | Killed Sigmund
  3707 | D:3      | Reached skill level 4 in Axes
  3707 | D:3      | Reached XP level 6. HP: 40/48 MP: 9/9
  3733 | D:3      | Learned a level 4 spell: Sticky Flame
  3741 | D:3      | Reached skill level 5 in Axes
  4778 | D:4      | Noticed a sky beast
  4819 | D:4      | HP: 1/50 [something (5)]
  4819 | D:4      | Slain by a sky beast

Vault maps used:
D:1:      minmay_arrival_shoal_huts, ashenzari_altar_1
D:3:      uniq_ijyb, uniq_sigmund
D:4:      minmay_temple_entry_poolview, uniq_duvessa, uniq_grinder

Skill      XL: |  1  2  3  4  5  6 |
---------------+-------------------+-----
Conjurations   | 2 |  2.8
Fighting       | 1 2 |  2.4
Fire Magic     | 4 |  4.0
Spellcasting   | 2 |  2.1
Axes           | 4 5 |  5.3
Dodging        | |  1.9
Stealth        | |  1.5

Action                   |  1- 3 |  4- 6 || total
-------------------------+-------+-------++-------
Melee: Dagger            |   125 |   111 ||   236
       Unarmed           |     4 |     8 ||    12
       War axe           |       |    97 ||    97
 Cast: Flame Tongue      |    36 |    55 ||    91
Invok: Curse Item        |     1 |     1 ||     2
Evoke: Wand              |       |     3 ||     3
  Use: Scroll            |     1 |       ||     1
       Potion            |       |     4 ||     4
 Stab: Sleeping          |       |     1 ||     1
  Eat: Chunk             |     4 |    11 ||    15
Armor: Robe              |    27 |    29 ||    56
       Leather armour    |       |    22 ||    22
Dodge: Dodged            |    92 |   156 ||   248
